 Dungeon Crawl Stone Soup version 0.27-a0-1312-g5cdb2b3542 (webtiles) character file.

Game seed: 11916117533486227659

3581 27snakeeyes612 the Cleaver (level 9, -6/81 HPs)
             Began as a Minotaur Berserker on June 19, 2021.
             Was an Elder of Trog.
             Killed by vampiric draining
             ... invoked by a vampire
              (15 damage)
             ... on level 8 of the Dungeon.
             The game lasted 00:04:29 (8727 turns).

27snakeeyes612 the Cleaver (Minotaur Berserker)     Turns: 8727, Time: 00:04:30

Health: -6/81      AC: 16    Str: 25    XL:     9   Next: 84%
Magic:  8/8        EV:  9    Int:  4    God:    Trog [****..]
Gold:   385        SH:  0    Dex: 10    Spells: 8/8 levels left

rFire    . . .     SeeInvis .   e - +5 broad axe (flame)
rCold    . . .     Faith    .   (no shield)
rNeg     . . .     Spirit   .   y - +0 chain mail
rPois    .         Reflect  .   (helmet restricted)
rElec    .         Harm     .   (no cloak)
rCorr    .         Rampage  .   (no gloves)
Will     +++..                  h - +0 pair of boots
Stlth    ..........             (no amulet)
HPRegen  1.23/turn              g - +4 ring of protection
MPRegen  0.11/turn              r - ring of willpower

@: strong-willed, regenerating
A: horns 2, retaliatory headbutt
a: Renounce Religion, Berserk, Trog's Hand, Brothers in Arms


You were on level 8 of the Dungeon.
You worshipped Trog.
Trog was greatly pleased with you.
You visited 1 branch of the dungeon, and saw 9 of its levels.

You collected 385 gold pieces.

Inventory:

Hand Weapons
 a - a +0 hand axe
 e - a +5 broad axe of flaming (weapon)
 q - a +2 flail of protection
Missiles
 m - a curare-tipped dart
 B - 3 atropa-tipped darts
 D - a throwing net
Armour
 b - a +0 animal skin
 h - a +0 pair of boots (worn)
 i - a +0 scale mail
 y - a +0 chain mail (worn)
Jewellery
 g - a +4 ring of protection (left hand)
 l - a +4 ring of evasion
 o - a ring of fire
 r - a ring of willpower (right hand)
 s - a ring of protection from fire
Wands
 p - a wand of iceblast (20)
 u - a wand of acid (6)
 v - a wand of flame (8)
 F - a wand of mindburst (13)
Scrolls
 k - 3 scrolls of teleportation
 C - a scroll of magic mapping {unknown}
 G - 6 scrolls of identify
 I - a scroll of brand weapon {unknown}
Potions
 c - 2 potions of lignification
 d - a potion of magic {unknown}
 f - a potion of curing {unknown}
 j - 2 potions of brilliance {unknown}
 n - 6 potions of flight {unknown}
 t - 4 potions of might {unknown}
 w - a potion of attraction {unknown}
 x - a potion of degeneration {unknown}
 z - 3 potions of berserk rage {unknown}
 A - a potion of mutation {unknown}
 E - a potion of invisibility {unknown}
 H - a potion of heal wounds {unknown}


   Skills:
 + Level 8.2 Fighting
 + Level 12.0 Axes
 + Level 8.8 Armour
 + Level 4.1 Dodging
 + Level 1.6 Stealth


You had 8 spell levels left.
You didn't know any spells.
Your spell library was empty.

Dungeon Overview and Level Annotations

Branches:
Dungeon (9/15)             Temple (0/1) D:5            Lair (0/6) D:8
    Orc: D:9-12

Altars:


Innate Abilities, Weirdness & Mutations

You have a pair of horns on your head.
You reflexively headbutt those who attack you in melee.


Message History

You are too injured to fight recklessly!
You are too injured to fight recklessly!
You are too injured to fight recklessly!
You are too injured to fight recklessly!
You are too injured to fight recklessly!
You are too injured to fight recklessly!
You are too injured to fight recklessly!
The vampire casts a spell.
The vampire flickers and vanishes!
Deactivating autopickup; reactivate with Ctrl-A.
There is a stone staircase leading up here.
Something hits you. Something bites you.
Something draws strength from your injuries!
The orc warrior barely misses you.
You climb upwards.
Reactivating autopickup.
There is a stone staircase leading down here.
You slice the orc warrior!! You burn the orc warrior.
You headbutt the orc warrior, but do no damage.
The orc warrior is almost dead.
You slash something! You burn something. Something hits you!
Deactivating autopickup; reactivate with Ctrl-A.
Something bites you but does no damage.
The orc warrior hits you but does no damage.
You slice the orc warrior!! You burn the orc warrior.
You kill the orc warrior!
Trog accepts your kill.
You hit something but do no damage. Something draws life force from you!
* * * LOW HITPOINT WARNING * * *
Your Axes skill increases to level 12!
You barely miss something. Your headbutt misses something. Something hits you.
* * * LOW HITPOINT WARNING * * *
Something bites you.
* * * LOW HITPOINT WARNING * * *
Something draws strength from your injuries!
Okay, then.
Your skin crawls.
You feel strong-willed. Something draws life force from you!
You die...

.....#..)...............#
.....#.............(....#
.....#..................#
######..................#
.....+...........#####'##
.....#...........#.....#
.....#...........#.....#
######.........).#.....#
................@'.....#
.>...............#.....#
..[..............#.....#
......###'########.....#
......#...#............#
......#...#............#
......#...#.......<....#
......#...#########....#
.######...####..###(...#


There were no monsters in sight!

Vanquished Creatures
  A boulder beetle (D:8)
  4 yaks (D:9)
  A steam dragon (D:8)
  A sky beast (D:7)
  2 black bears
  An ice beast (D:6)
  2 orc warriors
  3 necrophages
  An ogre (D:7)
  3 centaurs (D:8)
  A phantom (D:6)
  A kobold brigand (D:7)
  A bullfrog (D:8)
  A scorpion (D:5)
  2 wyvern skeletons
  A centaur zombie (D:7)
  A hound (D:5)
  2 orc priests (D:8)
  A centaur skeleton (D:7)
  A gnoll shaman (D:4)
  An iguana (D:2)
  Jessica (D:2)
  Terence (D:3)
  5 orc wizards
  2 killer bee zombies
  A hound skeleton (D:5)
  4 adders
  8 gnolls
  A white imp (D:5)
  An ufetubus (D:5)
  2 adder skeletons
  A worm (D:5)
  3 dart slugs
  16 orcs
  6 ball pythons
  5 bats
  8 endoplasms
  2 giant cockroaches
  8 goblins
  3 hobgoblins
  10 jackals
  A quokka (D:2)
  4 frilled lizards
  8 kobolds
  A quokka skeleton (D:4)
  3 rats (D:3)
137 creatures vanquished.

Vanquished Creatures (others)
  6 plants (D:5)
6 creatures vanquished.

Grand Total: 143 creatures vanquished

Notes
Turn   | Place    | Note
-------+----------+-------------------------------------------
     0 | D:1      | 27snakeeyes612 the Minotaur Berserker began the quest for
                  | the Orb.
     0 | D:1      | Reached XP level 1. HP: 19/19 MP: 0/0
   202 | D:1      | Reached XP level 2. HP: 25/27 MP: 1/1
   542 | D:1      | Reached skill level 4 in Axes
  1726 | D:2      | Reached XP level 3. HP: 28/33 MP: 2/2
  2063 | D:2      | Reached ** piety under Trog
  2064 | D:2      | Reached XP level 4. HP: 36/41 MP: 3/3
  2250 | D:2      | Noticed Jessica
  2256 | D:2      | Killed Jessica
  2320 | D:2      | Found a faded altar of an unknown god.
  2505 | D:2      | Reached skill level 5 in Axes
  2552 | D:2      | Reached XP level 5. HP: 47/47 MP: 4/4
  2874 | D:3      | Noticed a necrophage
  2879 | D:3      | Killed a necrophage
  2880 | D:3      | Reached skill level 5 in Fighting
  2880 | D:3      | Reached skill level 1 in Stealth
  3020 | D:3      | Reached XP level 6. HP: 56/56 MP: 5/5
  3417 | D:3      | Noticed Terence
  3428 | D:3      | Killed Terence
  4352 | D:5      | Entered Level 5 of the Dungeon
  4405 | D:5      | Found a staircase to the Ecumenical Temple.
  4881 | D:5      | Reached *** piety under Trog
  4882 | D:5      | Reached skill level 6 in Axes
  5078 | D:5      | Reached XP level 7. HP: 55/61 MP: 6/6
  5251 | D:5      | Reached skill level 5 in Armour
  5677 | D:6      | Identified a scroll of acquirement
  5677 | D:6      | Acquired a +4 broad axe of flaming
  5721 | D:6      | Reached skill level 7 in Axes
  6274 | D:7      | Reached skill level 8 in Axes
  6279 | D:7      | Reached XP level 8. HP: 32/70 MP: 7/7
  6815 | D:7      | Reached skill level 9 in Axes
  7443 | D:8      | Noticed a boulder beetle
  7449 | D:8      | Killed a boulder beetle
  7450 | D:8      | Reached skill level 10 in Axes
  7450 | D:8      | Reached XP level 9. HP: 78/79 MP: 8/8
  7936 | D:8      | Reached skill level 11 in Axes
  8157 | D:8      | Reached **** piety under Trog
  8538 | D:8      | Found a staircase to the Lair.
  8726 | D:8      | Reached skill level 12 in Axes
  8727 | D:8      | Killed from afar by a vampire

Illustrated notes

Levels and vault maps discovered:
D:1:      tarquinn_simple_flora_water_e, layout_basic, interstate_on_off,
          kennysheep_small_spiral, patterned_corridor
D:2:      layout_basic, serial_corexii_hall, corexii_hall_statues_u,
          chequers_hall_statues_corner_a, chequers_hall_statues_corner_a,
          shapermc_ecumenical_altar_mp_urbaneastern, uniq_jessica
D:3:      layout_loops_cross, st_stairs_3, eino_tiny_chamber, dk_vineyard_2,
          uniq_terence
D:4:      layout_cave_pods, hangedman_decor_clover_reticule,
          minmay_misc_feat_five
D:5:      cheibrodos_iron_armory, layout_basic, minmay_temple_entry_overgrown,
          st_stairs_14, hex_large, minmay_curled_crystal
D:6:      layout_cave_pools
D:7:      layout_basic, minmay_misc_feat_cross
D:8:      layout_gridville, lair_entry_dummy, minmay_small_thing
D:9:      layout_cave_pods, zombieorc2_lemuel, minmay_misc_feat_roman,
          minmay_misc_feat_hallway

Skill      XL: |  1  2  3  4  5  6  7  8  9 |
---------------+----------------------------+-----
Fighting       | 4 5 6 7 8 |  8.2
Axes           | 4 5 6 8 10 12 | 12.0
Armour         | 3 4 5 7 8 |  8.8
Dodging        | 3 4 |  4.1
Stealth        | 1 |  1.6

Action                   |  1- 3 |  4- 6 |  7- 9 || total
-------------------------+-------+-------+-------++-------
Melee: Hand axe          |    72 |   146 |    25 ||   243
       Headbutt          |    15 |    24 |    28 ||    67
       Broad axe         |       |       |   112 ||   112
Invok: Berserk           |     1 |       |     2 ||     3
       Trog's Hand       |       |       |     1 ||     1
  Use: Scroll            |       |       |     8 ||     8
Armor: Animal skin       |    11 |       |       ||    11
       Scale mail        |     3 |    28 |       ||    31
       Chain mail        |       |    57 |   106 ||   163
Dodge: Dodged            |    41 |    70 |    83 ||   194

Table legend: (Time is in decaauts)
 A = Elapsed time spent in this place.
 B = Non-inter-level travel time spent in this place.
 C = Inter-level travel time spent in this place.
 D = Time resting spent in this place.
 E = Time spent auto-exploring this place.
 F = Levels seen in this place.
 G = Mean time per level.
                   A        B        C        D        E       F      G
               +--------+--------+--------+--------+--------+-----+--------+
         Total |   8779 |   8454 |    325 |    786 |   6837 |   9 |  975.4 |
       Dungeon |   8779 |   8454 |    325 |    786 |   6837 |   9 |  975.4 |
               +--------+--------+--------+--------+--------+-----+--------+

Top non-repeatable levels by time:
     D:1: 1754 daAuts
     D:7: 1348 daAuts
     D:8: 1319 daAuts
     D:4: 1174 daAuts
     D:2: 981 daAuts
     D:5: 938 daAuts
     D:3: 842 daAuts
     D:6: 400 daAuts
     D:9: 20 daAuts
